 Dungeon Crawl Stone Soup version 0.24.0-2-g5b39cebb1c (webtiles) character file.

Game seed: 3252399254444879887, levelgen mode: deterministic

37326 Mrkan the Grappler (level 13, -7/136 HPs)
             Began as a Troll Monk on Oct 29, 2019.
             Was a High Priest of Ru.
             Mangled by a seven-headed hydra (8 damage)
             ... on level 2 of the Lair of Beasts.
             The game lasted 00:37:36 (13823 turns).

Mrkan the Grappler (Troll Monk)                    Turns: 13823, Time: 00:37:36

Health: -7/136     AC: 10    Str: 21    XL:     13   Next: 57%
Magic:  9/12       EV:  9    Int:  9    God:    Ru [*****.]
Gold:   676        SH: 22    Dex: 12    Spells: 11/12 levels left

rFire    . . .     SeeInvis .     - Unarmed
rCold    + + .     Gourm    +   O - +6 large shield {rPois}
rNeg     . . .     Faith    .   L - +0 troll leather armour
rPois    +         Spirit   .   (helmet restricted)
rElec    .         Reflect  .   w - +0 cloak
rCorr    .         Harm     .   (gloves unavailable)
MR       .....                  (boots unavailable)
Stlth    ++........             s - amulet of regeneration
HPRegen  1.52/turn              u - ring of protection from cold
MPRegen  0.13/turn              t - +2 ring of evasion

@: drained, very slow
A: large, unfitting armour, claws 3, thin skeletal structure 1, clumsy 1, cold
resistance 1, fast metabolism 3, gourmand, regeneration 1, shaggy fur 1, tough
skin 3, weak 1, hated by all, inexperienced 1
a: Draw Out Power, Power Leap, Apocalypse, Renounce Religion


You were on level 2 of the Lair of Beasts.
You worshipped Ru.
Ru was extremely pleased with you.
You were very full.

You visited 2 branches of the dungeon, and saw 16 of its levels.

You collected 1046 gold pieces.
You spent 370 gold pieces at shops.

Inventory:

Hand Weapons
 y - a +0 giant club of venom
Missiles
 h - 585 stones
 x - a throwing net
 D - 9 large rocks (quivered)
 H - 8 curare-tipped darts
Armour
 w - a +0 cloak (worn)
 J - a +2 robe of magic resistance
 L - a +0 troll leather armour (worn)
 O - a +6 large shield of poison resistance (worn)
Jewellery
 s - an amulet of regeneration (around neck)
 t - a +2 ring of evasion (right claw)
 u - a ring of protection from cold (left claw)
 N - an uncursed ring of protection from cold
Wands
 e - a wand of iceblast (8)
 o - a wand of flame (73)
 A - a wand of acid (16)
 B - a wand of digging (4)
 G - a wand of paralysis (7)
 I - a wand of random effects (23)
 M - a wand of clouds (6)
Scrolls
 f - 4 scrolls of teleportation
 g - 12 scrolls of remove curse
 j - a scroll of fear
 k - 4 scrolls of immolation
 l - 2 scrolls of blinking
 n - 4 scrolls of amnesia
 p - 3 scrolls of magic mapping
 v - a scroll of vulnerability
Potions
 a - 2 potions of agility {unknown}
 c - a potion of berserk rage
 d - 3 potions of haste
 i - 4 potions of flight
 m - 2 potions of lignification
 q - 2 potions of mutation
 r - 7 potions of curing
 C - 2 potions of invisibility
 E - 2 potions of brilliance
 F - a potion of might {unknown}
 K - a potion of degeneration {unknown}
Comestibles
 b - 26 rations


   Skills:
 - Level 10.9(10.0) Fighting
 - Level 5.2(4.4) Throwing
 - Level 6.6(5.7) Armour
 - Level 2.4(1.7) Dodging
 - Level 1.0(0.3) Stealth
 * Level 8.9(8.1) Shields
 - Level 14.0(13.1) Unarmed Combat


You had 11 spell levels left.
You knew the following spells:

 Your Spells              Type           Power        Failure   Level  Hunger
a - Beastly Appendage     Tmut           #.....       91%         1    ##.....

Your spell library contained the following spells:

 Spells                   Type           Power        Failure   Level  Hunger
 Spider Form              Tmut/Pois      #.........   99%         3    ####...
 Ice Form                 Ice/Tmut       #.......     100%        4    #####..
 Blade Hands              Tmut           #.........   100%        5    ######.
 Summon Butterflies       Summ           Unusable     N/A         1    N/A
 Sticks to Snakes         Tmut           Unusable     N/A         2    N/A
 Call Canine Familiar     Summ           Unusable     N/A         3    N/A
 Summon Ice Beast         Ice/Summ       Unusable     N/A         4    N/A
 Summon Mana Viper        Hex/Summ       Unusable     N/A         5    N/A
 Summon Hydra             Summ           Unusable     N/A         7    N/A

Dungeon Overview and Level Annotations

Branches:
Dungeon (14/15)            Temple (0/1) D:7            Lair (2/6) D:10
 Spider (0/4) Lair:2          Orc (0/2) D:12         Vaults (0/5) D:13
  Swamp: Lair:2-4    Shoals: Lair:2-4

Altars:
Fedhas
Kikubaaqudgha
Okawaru
Ru
Vehumet
Wu Jian
The Shining One

Shops:
D:5 !*?   D:14 ?


Innate Abilities, Weirdness & Mutations

You are too large for most types of armour.
You have claws for hands.
You are clumsy. (Dex -2)
Your metabolism is lightning-fast.
You like to eat raw meat.
Your natural rate of healing is unusually fast.
You are covered in fur. (AC +1)
You have extremely tough skin. (AC +3)
You are weak. (Str -2)
You are hated by all.
You are somewhat inexperienced. (-2 XL)
You have a somewhat thin skeletal structure. (Dex +2, Stealth)
Your flesh is cold resistant. (rC+)


Message History

The swamp worm throws harpoon shot at you.
You block the harpoon shot.
The seven-headed hydra stops glowing.
You enter the shallow water.
Moving in this stuff is going to be slow.
The swamp worm throws harpoon shot at you.
The harpoon shot hits you!!
* * * LOW HITPOINT WARNING * * *
You are yanked forward by the harpoon shot.
You enter the shallow water.
Moving in this stuff is going to be slow.
The seven-headed hydra is no longer blind.
You block the seven-headed hydra's attack. x2
The seven-headed hydra bites you!
* * * LOW HITPOINT WARNING * * *
You block the seven-headed hydra's attack. x2
The seven-headed hydra bites you.
* * * LOW HITPOINT WARNING * * *
The seven-headed hydra bites you!
You die...

......####♣#♣...♣
.......♣♣♣♣♣♣♣.♣♣♣♣♣
.....♣♣♣≈(§♣♣♣♣♣≈≈≈♣
.#.#♣♣.§≈§§§§§♣≈≈≈≈♣
###♣♣.§§§§♣§§§♣≈≈≈≈♣ #
♣§§§§§♣♣♣§♣≈≈≈≈♣ #
♣..♣§§§ ♣.w≈≈≈≈♣ # ♣.
♣§≈§ ♣...≈≈≈♣## # ♣ .[≈.
♣♣..@D...# # ..§§§
♣♣.♣≈...# ♣..♣.§
♣♣♣♣♣.♣.# ####♣♣ ♣♣♣
♣.♣.♣♣♣.#
#.#..♣♣#♣.♣♣♣♣....♣..#.#
..............>.#......#
..................#.##.#
................##### ##
.########.......##


You could see a seven-headed hydra and a swamp worm.

Vanquished Creatures
  A hydra (Lair:2)
  A death knight (D:14)
  3 centaur warriors
  4 two-headed ogres
  3 tengu warriors
  Sonja (Lair:1)
  Nergalle (D:12)
  Urug (D:12)
  4 skeletal warriors (D:14)
  An unseen horror (D:10)
  An orc knight (D:11)
  A deep elf mage (D:13)
  3 cyclopes
  8 elephants (Lair:2)
  Psyche (D:12)
  3 spiny frogs (Lair:1)
  A centaur skeleton (D:13)
  3 komodo dragons (Lair:2)
  6 trolls
  2 tengu conjurers
  Prince Ribbit (D:7)
  4 hippogriffs
  2 redbacks (Lair:2)
  2 shadows
  2 wyverns
  9 yaks
  A wraith (D:14)
  12 humans (D:13)
  A basilisk (D:11)
  5 hungry ghosts
  8 vampire mosquitoes (D:14)
  An acid dragon (D:13)
  A swamp worm (Lair:2)
  A soldier ant (D:10)
  2 water moccasins
  3 porcupines
  9 orc warriors
  3 ice beasts
  5 sky beasts
  A hornet zombie (D:11)
  2 phantoms
  A black bear (D:7)
  A necrophage (D:9)
  7 ogres
  6 wolves (Lair:1)
  16 centaurs
  2 crocodiles
  9 big kobolds
  11 bullfrogs
  5 scorpions
  9 wights
  2 electric eels (D:12)
  2 centaur zombies
  11 crimson imps
  2 quasits
  2 bullfrog zombies
  6 hounds
  11 orc priests
  3 bullfrog skeletons
  4 jellies
  8 iguanas
  Terence (D:2)
  19 orc wizards
  7 worker ants
  8 adders
  6 gnolls
  A howler monkey skeleton (D:10)
  8 shadow imps
  3 oozes
  An adder zombie (D:4)
  An adder skeleton (D:4)
  A worm (D:2)
  4 leopard geckos
  49 orcs
  2 ball pythons
  4 bats
  6 giant cockroaches
  9 hobgoblins
  13 jackals
  6 quokkas
  5 frilled lizards
  8 goblins
  50 kobolds
  A leopard gecko skeleton (D:6)
  A quokka zombie (D:6)
  16 rats
472 creatures vanquished.

Vanquished Creatures (others)
  A hydra (D:12)
  A centaur skeleton (D:14)
  A tyrant leech (Lair:2)
  A shadow (D:13)
  An ogre (D:5)
  A worker ant (D:4)
  An orc (D:13)
  A fungus (Lair:1)
8 creatures vanquished.

Grand Total: 480 creatures vanquished

Notes
Turn   | Place    | Note
-------+----------+-------------------------------------------
     0 | D:1      | Mrkan the Troll Monk began the quest for the Orb.
     0 | D:1      | Reached XP level 1. HP: 22/22 MP: 0/0
   172 | D:1      | Reached XP level 2. HP: 28/29 MP: 1/1
   962 | D:2      | Found a sacrificial altar of Ru.
   971 | D:2      | Reached skill level 4 in Unarmed Combat
   971 | D:2      | Reached XP level 3. HP: 36/36 MP: 2/2
   998 | D:2      | Became a worshipper of Ru the Awakened
  1003 | D:2      | Gained mutation: You are hated by all. [Ru sacrifice]
  1003 | D:2      | Reached * piety under Ru
  1072 | D:2      | Noticed Terence
  1081 | D:2      | Killed Terence
  1081 | D:2      | Reached XP level 4. HP: 31/45 MP: 3/3
  1291 | D:2      | Reached skill level 5 in Unarmed Combat
  1645 | D:3      | Reached XP level 5. HP: 53/53 MP: 4/4
  1923 | D:3      | Found an ornate altar of the Wu Jian Council.
  1925 | D:3      | You fall into a shaft and drop 3 floors!
  1941 | D:5      | Entered Level 5 of the Dungeon
  1971 | D:5      | Found a glowing golden altar of the Shining One.
  2023 | D:5      | Found Sedufoil's Distillery.
  2043 | D:5      | Noticed a sky beast
  2052 | D:5      | Killed a sky beast
  2141 | D:4      | Reached XP level 6. HP: 62/62 MP: 5/5
  2169 | D:4      | Reached skill level 6 in Unarmed Combat
  2357 | D:4      | Gained mutation: You are somewhat inexperienced. (-2 XL)
                  | [Ru sacrifice]
  2357 | D:4      | Reached XP level 5. HP: 54/54 MP: 4/4
  2357 | D:4      | Reached XP level 4. HP: 48/48 MP: 3/3
  2357 | D:4      | Reached ** piety under Ru
  2357 | D:4      | Reached *** piety under Ru
  2465 | D:3      | Reached XP level 5. HP: 54/54 MP: 4/4
  2898 | D:4      | Found an iron altar of Okawaru.
  3060 | D:4      | Found a blossoming altar of Fedhas.
  3061 | D:4      | Found an ancient bone altar of Kikubaaqudgha.
  3129 | D:4      | Reached XP level 6. HP: 46/62 MP: 5/5
  3225 | D:4      | Reached skill level 7 in Unarmed Combat
  3280 | D:4      | Reached XP level 7. HP: 33/71 MP: 6/6
  3382 | D:4      | Reached skill level 8 in Unarmed Combat
  3392 | D:4      | Reached skill level 5 in Fighting
  4068 | D:5      | Found Ogysausm's General Store.
  4075 | D:5      | Bought a potion of lignification for 30 gold pieces
  4081 | D:5      | Gained mutation: You are weak. (Str -2) [Ru sacrifice]
  4081 | D:5      | Reached **** piety under Ru
  4123 | D:5      | Found Nehanu's Magic Scroll Boutique.
  4138 | D:5      | Reached XP level 8. HP: 61/81 MP: 7/7
  4140 | D:5      | Reached skill level 9 in Unarmed Combat
  4149 | D:5      | Bought a scroll of identify for 20 gold pieces
  4149 | D:5      | Bought a scroll of enchant armour for 75 gold pieces
  4149 | D:5      | Bought a scroll of enchant armour for 75 gold pieces
  4830 | D:6      | Reached skill level 10 in Unarmed Combat
  4855 | D:6      | Found a radiant altar of Vehumet.
  5135 | D:6      | Reached XP level 9. HP: 70/91 MP: 8/8
  5311 | D:7      | Found a staircase to the Ecumenical Temple.
  5369 | D:7      | Noticed Prince Ribbit
  5378 | D:7      | Killed Prince Ribbit
  5705 | D:7      | Reached skill level 11 in Unarmed Combat
  5769 | D:7      | Gained mutation: You are clumsy. (Dex -2) [Ru sacrifice]
  5769 | D:7      | Reached ***** piety under Ru
  6310 | D:8      | Noticed a two-headed ogre
  6320 | D:8      | Killed a two-headed ogre
  6320 | D:8      | Reached skill level 12 in Unarmed Combat
  6320 | D:8      | Reached XP level 10. HP: 24/102 MP: 9/9
  7160 | D:9      | Reached skill level 13 in Unarmed Combat
  7611 | D:10     | Entered Level 10 of the Dungeon
  7799 | D:10     | Noticed a cyclops
  7814 | D:10     | Killed a cyclops
  7950 | D:10     | Noticed a two-headed ogre
  7957 | D:10     | Killed a two-headed ogre
  7957 | D:10     | Reached XP level 11. HP: 97/113 MP: 10/10
  8059 | D:10     | Found a staircase to the Lair.
  8151 | D:10     | Killed an unseen horror
  8151 | D:10     | Reached skill level 14 in Unarmed Combat
  8349 | D:11     | Noticed a two-headed ogre
  8364 | D:11     | Reached skill level 1 in Armour
  8373 | D:11     | Killed a two-headed ogre
  9187 | D:12     | Noticed a two-headed ogre
  9197 | D:12     | Killed a two-headed ogre
  9322 | D:12     | Noticed an orc knight
  9397 | D:11     | Killed an orc knight
  9503 | D:12     | Reached skill level 10 in Fighting
  9551 | D:12     | Noticed Urug
  9554 | D:12     | Noticed a deep elf mage
  9636 | D:12     | Killed Urug
  9753 | D:12     | Noticed Nergalle
  9764 | D:12     | Noticed a six-headed hydra
  9765 | D:12     | Killed Nergalle
  9765 | D:12     | Reached skill level 5 in Armour
  9784 | D:12     | Killed a 12-headed hydra
  9784 | D:12     | Reached XP level 12. HP: 39/127 MP: 4/11
  9860 | D:12     | Learned a level 1 spell: Beastly Appendage
  9906 | D:12     | Noticed Psyche
  9920 | D:12     | Killed Psyche
 10121 | D:12     | Found a staircase to the Orcish Mines.
 10255 | D:13     | Noticed a centaur warrior
 10264 | D:13     | Killed a centaur warrior
 10505 | D:13     | Reached skill level 1 in Throwing
 10601 | D:13     | Found a gate to the Vaults.
 10656 | D:13     | Noticed a tengu warrior
 10656 | D:13     | Noticed a tengu warrior
 10666 | D:13     | Killed a tengu warrior
 10671 | D:13     | Killed a tengu warrior
 10671 | D:13     | Reached skill level 1 in Shields
 10746 | D:13     | Noticed a centaur warrior
 10755 | D:13     | Killed a centaur warrior
 10955 | D:13     | Reached skill level 5 in Throwing
 11214 | D:14     | Noticed a tengu warrior
 11262 | D:14     | Killed a tengu warrior
 11546 | D:14     | Found Nitu's Magic Scroll Emporium.
 11553 | D:14     | Bought a scroll of enchant armour for 75 gold pieces
 11553 | D:14     | Bought a scroll of enchant armour for 75 gold pieces
 11553 | D:14     | Bought a scroll of identify for 20 gold pieces
 11559 | D:14     | Gained mutation: Your flesh is cold resistant. (rC+)
                  | [potion of mutation]
 11559 | D:14     | Gained mutation: You have a somewhat thin skeletal
                  | structure. (Dex +2, Stealth) [potion of mutation]
 11583 | D:14     | Noticed a centaur warrior
 11596 | D:14     | Reached skill level 5 in Shields
 11596 | D:14     | Reached XP level 13. HP: 133/136 MP: 12/12
 12359 | Lair:1   | Entered Level 1 of the Lair of Beasts
 12362 | Lair:1   | You fall into a shaft and drop 1 floor!
 12422 | Lair:1   | Noticed Sonja
 12743 | Lair:1   | Killed Sonja
 13551 | Lair:2   | Found a hole to the Spider Nest.
 13823 | Lair:2   | HP: 2/136 [seven-headed hydra (12)]
 13823 | Lair:2   | Mangled by a seven-headed hydra

Levels and vault maps discovered:
D:1:      erik_arrival_cave_to_civilisation [erik_arrival_cave_to_hall],
          layout_loops_ring, lemuel_old_faithful
D:2:      layout_loops_ring, nicolae_ru_great_annihilating_truth,
          grunt_decor_mini_mirrors, uniq_terence
D:3:      kennysheep_six_static_rooms, layout_basic, lemuel_doored_altar
D:4:      minmay_goblin_kobold_castle, layout_loops_corners,
          grunt_temple_overflow_growth_and_decay, okawaru_ov_weapons_minmay,
          first_ration
D:5:      layout_loops_cross, lemuel_crystal_altar, serial_shops, shop, shop,
          nicolae_shop_stone
D:6:      layout_loops_cross, vehumet_altar_wand_db
D:7:      layout_loops_ring, minmay_temple_entry_butterflies,
          minmay_starry_boxes, uniq_prince_ribbit1
D:8:      layout_basic
D:9:      layout_loops_ring
D:10:     lemuel_upstairs_altar, layout_cave_pools, lair_entry_dummy
D:11:     layout_basic
D:12:     layout_roguey, erik_orc_2, grunt_tengu_nest, uniq_urug, uniq_nergalle,
          uniq_psyche
D:13:     layout_basic, ximxim_vaults_locker_room
D:14:     layout_loops_cross, serial_shops, shop, minivault_26
Lair:1:   layout_cave_pods, uniq_sonja
Lair:2:   layout_chaotic_city, palyth_hydra_swamp_entry, spider_nest_entry_webs,
          serial_bayou_shore_a, grunt_megastairs_3

Skill      XL: |  1  2  3  4  5  6  7  8  9 10 11 12 13 |
---------------+----------------------------------------+-----
Unarmed Combat | 4 5 7 8 10 12 13 14 | 14.0
Fighting       | 3 4 5 6 7 8 10 | 10.9
Armour         | 5 6 |  6.6
Throwing       | 5 |  5.2
Shields        | 5 8 |  8.9
Dodging        | |  2.4
Stealth        | |  1.0

Action                   |  1- 3 |  4- 6 |  7- 9 | 10-12 | 13-15 || total
-------------------------+-------+-------+-------+-------+-------++-------
Melee: Unarmed           |    65 |   232 |   271 |   747 |   242 ||  1557
       Punch             |       |     7 |    14 |    28 |       ||    49
Throw: Large rock        |       |       |       |       |    10 ||    10
       Stone             |       |       |       |       |     4 ||     4
Invok: Sacrifice Love    |     1 |       |       |       |       ||     1
       Sacrifice Experie |       |     1 |       |       |       ||     1
       Sacrifice Purity  |       |       |     2 |       |       ||     2
       Reject Sacrifices |       |       |       |     1 |     1 ||     2
       Apocalypse        |       |       |       |     1 |     1 ||     2
  Use: Scroll            |       |       |    14 |     9 |     2 ||    25
       Potion            |       |       |       |     6 |     1 ||     7
 Stab: Sleeping          |     3 |     3 |     5 |     1 |       ||    12
       Paralysed         |     1 |       |       |     5 |     4 ||    10
       Invisible         |       |       |     9 |    11 |     5 ||    25
       Distracted        |       |       |     1 |     3 |     1 ||     5
  Eat: Chunk             |    13 |    20 |    24 |    63 |    21 ||   141
       Ration            |       |       |     2 |       |     1 ||     3
Armor: Robe              |    19 |    94 |    68 |    50 |       ||   231
       Troll leather arm |       |       |       |   198 |    58 ||   256
Dodge: Dodged            |    22 |   126 |   134 |   276 |    60 ||   618
Block: Large shield      |       |       |       |   108 |   274 ||   382
